 Dungeon Crawl Stone Soup version 0.29.1-1-gd02db6906a (webtiles) character file.

Game seed: 1556596396244932055

889 Earthwalker the Poker (level 7, 0/62 HPs)
             Began as a Minotaur Monk on Oct 4, 2022.
             Was an Initiate of Gozag.
             Slain by Edmund
             ... wielding a +0 dire flail of venom
              (4 damage)
             ... on level 5 of the Dungeon.
             The game lasted 00:30:28 (5144 turns).

Earthwalker the Poker (Minotaur Monk)               Turns: 5144, Time: 00:30:29

Health: 0/62       AC:  7    Str: 17    XL:     7   Next: 77%
Magic:  15/15      EV: 12    Int:  7    God:    Gozag
Gold:   333        SH:  0    Dex: 19    Spells: 6/6 levels left

rFire   . . .      SeeInvis .   a - +0 spear (venom)
rCold   . . .      Faith    .   (no shield)
rNeg    . . .      Spirit   .   e - +0 scale mail
rPois   .          Reflect  .   (helmet restricted)
rElec   +          Harm     .   (no cloak)
rCorr   .          Rampage  .   (no gloves)
Will    .....                   (no boots)
Stlth   +.........              (no amulet)
HPRegen 0.20/turn               i - ring "Zaopikill" {rElec MP+9 Str+2 Dex+4}
MPRegen 0.14/turn               (no ring)

@: lethally poisoned (0 -> -12)
A: horns 2, retaliatory headbutt
a: Renounce Religion, Potion Petition, Call Merchant, Bribe Branch


You were on level 5 of the Dungeon.
You worshipped Gozag.
Gozag was aware of your devotion.
You visited 1 branch of the dungeon, and saw 5 of its levels.

You collected 393 gold pieces.
You spent 60 gold pieces at shops.

Inventory:

Hand Weapons
 a - a +0 spear of venom (weapon)
Armour
 b - a +0 robe
 e - a +0 scale mail (worn)
 m - a +0 scale mail
Magical Staves
 u - a staff of poison
Jewellery
 i - the ring "Zaopikill" (left hand) {rElec MP+9 Str+2 Dex+4}
   (You found it on level 2 of the Dungeon)

   [ring of magical power]

   Str:       It affects your strength (+2).
   Dex:       It affects your dexterity (+4).
   rElec:     It insulates you from electricity.
   MP:        It affects your magic capacity (+9).
 r - a +4 ring of evasion
Scrolls
 d - a scroll of noise
 f - 3 scrolls of teleportation
 g - a scroll of brand weapon
 h - a scroll of silence
 n - a scroll of torment {unknown}
 q - a scroll of magic mapping {unknown}
Potions
 c - 2 potions of ambrosia
 j - 3 potions of curing
 k - 2 potions of cancellation
 l - a potion of magic {unknown}
 o - a potion of degeneration {unknown}
 p - 2 potions of lignification {unknown}
 s - 3 potions of resistance {unknown}
 t - a potion of mutation {unknown}


   Skills:
 + Level 5.7 Fighting
 + Level 7.9 Polearms
 + Level 4.6 Armour
 + Level 4.8 Dodging
 + Level 2.2 Stealth


You had 6 spell levels left.
You didn't know any spells.
Your spell library contained the following spells:

 Spells                   Type           Power      Damage    Failure   Level
 Ensorcelled Hibernation  Hex/Ice        0%         N/A       92%         2
 Passwall                 Tmut/Erth      0%         N/A       92%         2
 Ignite Poison            Fire/Tmut/Pois 0%         N/A       99%         3
 Mephitic Cloud           Conj/Pois/Air  0%         N/A       99%         3
 Swiftness                Air            0%         N/A       99%         3
 Freezing Cloud           Conj/Ice/Air   0%         6-21      100%        5


Dungeon Overview and Level Annotations

Branches:
Dungeon (5/15)
 Temple: D:4-7

Altars:
Gozag
Sif Muna
Wu Jian
Zin
The Shining One

Shops:
D:5 ?

Annotations:
D:5 Edmund


Innate Abilities, Weirdness & Mutations

You have a pair of horns on your head.
You reflexively headbutt those who attack you in melee.


Message History

Edmund closely misses you. You furiously retaliate!
You headbutt Edmund, but do no damage. You hit Edmund but do no damage.
Edmund looks as sick as possible!
You headbutt Edmund, but do no damage.
Edmund is moderately wounded.
You feel sick.
Edmund hits you with a +0 dire flail of venom!
You feel better.
Edmund says, "People think my brother is the best.
I think he's crazy."
Edmund barely misses you.
You hit Edmund.
Edmund looks as sick as possible!
Your punch misses Edmund.
Edmund is moderately wounded.
You hit Edmund.
Edmund looks as sick as possible!
Edmund is heavily wounded.
Edmund hits you with a +0 dire flail of venom!
You are poisoned.
You hit Edmund.
Edmund looks as sick as possible!
Edmund is heavily wounded.
* * * LOW HITPOINT WARNING * * *
You feel very sick.
Edmund hits you with a +0 dire flail of venom.
* * * LOW HITPOINT WARNING * * *
You are more poisoned.
You hit Edmund.
Edmund looks as sick as possible!
Your headbutt misses Edmund.
Edmund is severely wounded.
* * * LOW HITPOINT WARNING * * *
You feel very sick.
You hit Edmund but do no damage.
Edmund looks as sick as possible!
Edmund is severely wounded.
* * * LOW HITPOINT WARNING * * *
You feel very sick. Edmund hits you but does no damage.
You hit Edmund.
Edmund looks as sick as possible!
You headbutt Edmund, but do no damage.
Edmund is almost dead.
* * * LOW HITPOINT WARNING * * *
You feel sick.
Edmund hits you with a +0 dire flail of venom.
You die...
Your body crumbles into a pile of gold.

#.###.#.#.##.#..
#.#.#.##.#..
#.#.#.#..... ####
#.#.#.#.##.. ....
#.#.#.#.#... #### #.##
#######.#.#.#.#... ..#
#....##.......#)#.#.#...
#.#
#....@.........#.#... #
# ####@#...###.........
# #.#.#.###...#..##. #
..........#.......#.....
#
#########.#.......#.###.
# #.#.##....... #
#.#.###...### #
####.#......># #
#........#...# #
#........# .#


You could see Edmund (extremely poisoned).

Vanquished Creatures
  A sky beast (D:4)
  2 ice beasts
  A phantom (D:5)
  2 scorpions (D:5)
  2 howler monkeys
  A hound (D:4)
  An orc priest (D:5)
  2 iguanas
  7 adders
  4 gnolls
  2 white imps
  3 ufetubi
  A worm (D:2)
  7 dart slugs
  2 orcs (D:5)
  12 ball pythons
  12 endoplasms
  5 giant cockroaches
  8 goblins
  9 hobgoblins
  4 quokkas
  3 bats
  5 frilled lizards
  A goblin skeleton (D:3)
  A goblin zombie (D:3)
  5 hobgoblin zombies (D:3)
  5 kobolds
  3 kobold skeletons (D:3)
  A kobold zombie (D:3)
  8 rats
120 creatures vanquished.

Notes
Turn   | Place    | Note
-------+----------+-------------------------------------------
     0 | D:1      | Earthwalker the Minotaur Monk began the quest for the Orb.
     0 | D:1      | Reached XP level 1. HP: 19/19 MP: 0/0
   229 | D:1      | Reached XP level 2. HP: 27/27 MP: 1/1
   311 | D:1      | Reached skill level 4 in Polearms
   620 | D:1      | Reached XP level 3. HP: 22/33 MP: 2/2
   796 | D:1      | Found a faded altar of an unknown god.
  1212 | D:1      | Identified a scroll of acquirement
  1212 | D:1      | Acquired a manual of Dodging
  1420 | D:2      | Identified the ring "Zaopikill" {rElec MP+9 Str+2 Dex+4}
  1881 | D:2      | Reached XP level 4. HP: 40/40 MP: 3/3
  2239 | D:2      | Reached skill level 5 in Polearms
  2495 | D:2      | Reached skill level 1 in Armour
  2673 | D:2      | Reached XP level 5. HP: 43/47 MP: 4/4
  2713 | D:3      | Found a glowing golden altar of the Shining One.
  3225 | D:3      | Found an ornate altar of the Wu Jian Council.
  3416 | D:3      | Reached skill level 6 in Polearms
  3728 | D:4      | Noticed an ice beast
  3773 | D:4      | Killed an ice beast
  3774 | D:4      | Reached XP level 6. HP: 42/53 MP: 5/5
  4108 | D:4      | Noticed a sky beast
  4118 | D:5      | Entered Level 5 of the Dungeon
  4144 | D:4      | Killed a sky beast
  4145 | D:4      | Reached skill level 5 in Fighting
  4379 | D:4      | Reached skill level 7 in Polearms
  4379 | D:4      | Reached XP level 7. HP: 54/61 MP: 6/6
  4437 | D:4      | Found a shimmering blue altar of Sif Muna.
  4641 | D:4      | Found an opulent altar of Gozag.
  4642 | D:4      | Found a glowing silver altar of Zin.
  4659 | D:4      | Became a worshipper of Gozag Ym Sagoz the Greedy
  4861 | D:5      | Found Fuvacyos's Magic Scroll Emporium.
  4873 | D:5      | Bought a scroll of identify for 30 gold pieces
  4873 | D:5      | Bought a scroll of identify for 30 gold pieces
  5109 | D:5      | Noticed Edmund
  5144 | D:5      | Slain by Edmund

Illustrated notes

Levels and vault maps discovered:
D:1:      lemuel_arrival_tunnels, layout_basic, ebering_ecumenical_altar_rust
D:2:      layout_basic, hangedman_abyss_or_decor_stabs, guppyfry_early_lair_pool
D:3:      layout_basic, nzn_wu_jian_council_hall, nicolae_tso_besieged_by_evil
D:4:      layout_cave_pools, grunt_temple_overflow_gold_and_silver,
          lemuel_round_altar
D:5:      layout_basic, nemelex_diamond_rough_becter, ebering_ghost_rock_garden,
          serial_shops, shop, kennysheep_small_square, uniq_edmund

Skill      XL: |  1  2  3  4  5  6  7 |
---------------+----------------------+-----
Polearms       | 4 5 6 7 |  7.9
Fighting       | 4 5 |  5.7
Armour         | 1 2 3 4 |  4.6
Dodging        | 4 |  4.8
Stealth        | 2 |  2.2

Action                   |  1- 3 |  4- 6 |  7- 9 || total
-------------------------+-------+-------+-------++-------
Melee: Spear             |   110 |   166 |    73 ||   349
       Headbutt          |    23 |    39 |    21 ||    83
       Punch             |     1 |     4 |     1 ||     6
  Use: Scroll            |     6 |       |     3 ||     9
       Potion            |       |       |     1 ||     1
Armor: Scale mail        |    24 |    61 |    18 ||   103
Dodge: Dodged            |    51 |    97 |    23 ||   171
